 Dungeon Crawl Stone Soup version 0.23.2 (webtiles) character file.

Game seed: 4943506967094159185

217 killerdog the Shield-Bearer (level 5, -4/47 HPs)
             Began as a Minotaur Fighter on Apr 11, 2019.
             Slain by a bullfrog (7 damage)
             ... in a sewer.
             The game lasted 00:28:10 (2573 turns).

killerdog the Shield-Bearer (Minotaur Fighter)      Turns: 2573, Time: 00:28:11

Health: -4/47      AC:  8    Str: 21    XL:     5   Next: 61%
Magic:  4/4        EV:  8    Int:  5    God:
Gold:   131        SH:  9    Dex: 10    Spells: 4/4 levels left

rFire    . . .     SeeInvis .   a - +0 war axe
rCold    . . .     Gourm    .   c - +0 shield
rNeg     . . .     Faith    .   A - +0 scale mail
rPois    .         Spirit   .   (helmet restricted)
rElec    .         Reflect  .   (no cloak)
rCorr    .         Harm     .   x - +0 pair of gloves
MR       .....                  (no boots)
Stlth    ..........             (no amulet)
HPRegen  0.15/turn              (no ring)
MPRegen  0.09/turn              (no ring)

@: berserk cooldown, very slow
A: retaliatory headbutt, horns 2
a: no special abilities


You were in a sewer.
You were not hungry.

You visited 1 branch of the dungeon, and saw 3 of its levels.
You also visited: Sewer.

You collected 131 gold pieces.

Inventory:

Hand Weapons
 a - a +0 war axe (weapon)
 k - a +0 dagger
 l - a +0 dagger
 p - a +0 whip
 u - a +0 hunting sling
 y - a +0 hand axe
 z - a +0 short sword
 D - a +0 hand axe
 E - a +0 hand axe
 G - a +0 hand axe
 H - a +0 mace
Missiles
 h - 25 sling bullets
 m - 95 stones
 t - 45 arrows
 w - 11 tomahawks (quivered)
Armour
 b - a +0 scale mail
 c - a +0 shield (worn)
 n - a +0 leather armour
 r - a +0 leather armour
 x - a +0 pair of gloves (worn)
 A - a +0 scale mail (worn)
 F - a +0 leather armour
Scrolls
 g - 2 scrolls of teleportation {unknown}
 i - 2 scrolls of identify {unknown}
 j - a scroll of random uselessness {unknown}
 q - a scroll of remove curse {unknown}
 s - 2 scrolls of magic mapping {unknown}
 J - 3 scrolls of fog {unknown}
 K - a scroll of fear {unknown}
Potions
 d - 2 potions of might
 e - a potion of magic {unknown}
 v - 4 potions of curing {unknown}
 B - a potion of flight {unknown}
 C - a potion of cancellation {unknown}
Comestibles
 f - 6 rations
 I - 6 chunks of flesh


   Skills:
 + Level 4.3 Fighting
 + Level 4.6 Axes
 + Level 4.4 Armour
 + Level 1.7 Dodging
 + Level 4.9 Shields


You had 4 spell levels left.
You didn't know any spells.
Your spell library contained the following spells:

 Spells                   Type           Power        Failure   Level  Hunger
 Confusing Touch          Hex            #.....       99%         1    ##.....
 Confuse                  Hex            #.......     100%        3    ####...
 Gell's Gravitas          Tloc           #.........   100%        3    ####...
 Petrify                  Tmut/Erth      #.......     100%        4    #####..
 Metabolic Englaciation   Hex/Ice        #.........   100%        5    ######.
 Yara's Violent Unravell  Hex/Tmut       #.........   100%        5    ######.


Dungeon Overview and Level Annotations

Branches:
Dungeon (3/15)

Altars:
Ashenzari


Innate Abilities, Weirdness & Mutations

You reflexively headbutt those who attack you in melee.
You have a pair of horns on your head.


Message History

You headbutt the bullfrog, but do no damage.
The bullfrog hits you but does no damage.
You block the ball python's attack. x2; The ball python barely misses you.
You furiously retaliate!
You headbutt the ball python!
You kill the ball python!
The bullfrog hits you.
* * * LOW HITPOINT WARNING * * *
You block the bullfrog's attack.
The ball python bites you but does no damage.
The ball python barely misses you.
Your shield and scale mail prevent you from hitting the bullfrog.
You hit the ball python.
You kill the ball python!
You hit the bullfrog.
You feel yourself speed up. The bullfrog hits you.
* * * LOW HITPOINT WARNING * * *
The bullfrog hits you but does no damage.
You block the bullfrog's attack. x2; The bullfrog hits you!
You die...

...#..# ...####
....####################
......≈≈≈≈≈≈≈≈≈≈≈≈≈≈≈...
#.....≈≈≈≈≈≈≈≈≈≈≈≈≈≈≈≈..
#....≈≈≈≈≈≈≈≈≈≈≈≈≈≈≈#≈..
#.....≈≈≈≈≈≈#≈≈#≈≈≈≈≈...
##....≈≈≈≈≈≈≈..≈#F≈≈≈...
###.#≈≈≈≈≈≈≈≈≈†@Fl≈≈#
###################


You could see 2 bullfrogs and a frilled lizard.

Vanquished Creatures
  6 adders
  4 river rats (Sewer)
  4 oozes
  4 worms
  A dart slug (D:1)
  6 orcs (D:3)
  2 giant cockroaches
  6 goblins
  6 hobgoblins
  4 jackals (D:2)
  4 kobolds
  2 quokkas (D:2)
  13 ball pythons
  5 bats
  8 frilled lizards
  27 rats
102 creatures vanquished.

Notes
Turn   | Place    | Note
-------+----------+-------------------------------------------
     0 | D:1      | killerdog the Minotaur Fighter began the quest for the Orb.
     0 | D:1      | Reached XP level 1. HP: 19/19 MP: 0/0
   339 | D:1      | Reached XP level 2. HP: 27/27 MP: 1/1
   873 | D:2      | Reached XP level 3. HP: 33/33 MP: 2/2
   940 | D:2      | Reached skill level 1 in Dodging
  1114 | D:2      | Reached XP level 4. HP: 35/40 MP: 3/3
  1795 | D:3      | Found a shattered altar of Ashenzari.
  1947 | D:3      | Found a glowing drain.
  2256 | Sewer    | Entered a sewer
  2350 | Sewer    | Reached XP level 5. HP: 43/46 MP: 4/4
  2573 | Sewer    | Slain by a bullfrog

Skill      XL: |  1  2  3  4 |
---------------+-------------+-----
Armour         | 4 |  4.4
Fighting       | 4 |  4.3
Shields        | 4 |  4.9
Axes           | 3 4 |  4.6
Dodging        | 1 |  1.7

Action                   |  1- 3 |  4- 6 || total
-------------------------+-------+-------++-------
Melee: War axe           |    80 |   129 ||   209
       Headbutt          |    16 |    13 ||    29
  Use: Potion            |       |     2 ||     2
  Eat: Chunk             |     1 |     5 ||     6
Armor: Scale mail        |    45 |    87 ||   132
Dodge: Dodged            |    29 |    71 ||   100
Block: Shield            |    45 |   109 ||   154
